 Dungeon Crawl Stone Soup version 0.25-a0-290-g4a1327e (webtiles) character file.

Game seed: 8596339984592219410, levelgen mode: deterministic

1085 Ayyar the Cudgeler (level 8, 0/51 HPs)
             Began as a Gargoyle Monk on Dec 14, 2019.
             Slain by an orc warrior
             ... wielding a +0 flail
              (13 damage)
             ... on level 6 of the Dungeon.
             The game lasted 00:22:58 (4874 turns).

Ayyar the Cudgeler (Gargoyle Monk)                  Turns: 4874, Time: 00:22:59

Health: 0/51       AC: 16    Str: 17    XL:     8   Next: 30%
Magic:  8/8        EV: 10    Int: 11    God:
Gold:   288        SH:  0    Dex: 12    Spells: 7/7 levels left

rFire    . . .     SeeInvis +   m - +0 morningstar
rCold    . . .     Gourm    .   (no shield)
rNeg     + . .     Faith    .   n - +0 scale mail {rPois}
rPois    ∞         Spirit   .   o - +0 helmet
rElec    +         Reflect  .   (no cloak)
rCorr    .         Harm     .   w - +0 pair of gloves
MR       .....                  j - +0 pair of boots
Stlth    +.........             (no amulet)
HPRegen  0.17/turn              A - ring of see invisible
MPRegen  0.11/turn              (no ring)

@: flying
A: negative energy resistance 1, electricity resistance, unbreathing,
petrification resistance, rot immunity, AC +5
a: no special abilities


You were on level 6 of the Dungeon.
You were not hungry.

You visited 1 branch of the dungeon, and saw 6 of its levels.

You collected 288 gold pieces.

Inventory:

Hand Weapons
 m - a +0 morningstar (weapon)
Armour
 j - a +0 pair of boots (worn)
 n - a +0 scale mail of poison resistance (worn)
 o - a +0 helmet (worn)
 w - a +0 pair of gloves (worn)
Jewellery
 t - a cursed amulet of rage
 A - a ring of see invisible (left hand)
Wands
 x - a wand of digging (3)
 D - a wand of iceblast (8)
Scrolls
 d - 2 scrolls of identify
 f - 2 scrolls of fear {unknown}
 i - 2 scrolls of fog {unknown}
 k - 4 scrolls of remove curse
 l - 2 scrolls of blinking {unknown}
 u - a scroll of enchant armour {unknown}
 v - a scroll of immolation {unknown}
 y - a scroll of enchant weapon {unknown}
 B - a scroll of noise {unknown}
Potions
 a - a potion of heal wounds {unknown}
 b - 2 potions of cancellation
 e - a potion of degeneration {unknown}
 g - a potion of flight
 h - a potion of mutation {unknown}
 p - a potion of curing
 q - 3 potions of invisibility
 r - a potion of haste
 s - a potion of brilliance {unknown}
 z - a potion of might {unknown}
Comestibles
 c - 10 rations
 C - 2 chunks of flesh


   Skills:
 + Level 5.8 Fighting
 * Level 6.4 Maces & Flails
 + Level 2.9 Throwing
 + Level 3.5 Armour
 - Level 3.0 Dodging
 - Level 4.0 Stealth


You had 7 spell levels left.
You didn't know any spells.
Your spell library contained the following spells:

 Spells                   Type           Power        Failure   Level  Hunger
 Infusion                 Chrm           #...         75%         1    ##.....
 Summon Small Mammal      Summ           #...         75%         1    ##.....
 Call Imp                 Summ           #.......     86%         2    ###....
 Shroud of Golubria       Chrm/Tloc      #.....       86%         2    ###....
 Song of Slaying          Chrm           #.......     86%         2    ###....
 Call Canine Familiar     Summ           #.......     98%         3    ####...
 Regeneration             Chrm/Necr      #.........   98%         3    ####...
 Spectral Weapon          Hex/Chrm       #.......     98%         3    ####...
 Summon Guardian Golem    Hex/Summ       #.......     98%         3    ####...
 Summon Ice Beast         Ice/Summ       #.......     100%        4    #####..
 Summon Lightning Spire   Summ/Air       #.......     100%        4    #####..


Dungeon Overview and Level Annotations

Branches:
Dungeon (6/15)
 Temple: D:4-7

Altars:
Ashenzari
Cheibriados
Dithmenos
Gozag
Hepliaklqana
Nemelex Xobeh
Trog
Uskayaw
Vehumet
Yredelemnul

Shops:
D:5 *

Annotations:
D:4 1 runed translucent door, porkupine's ghost, amateur MiAK


Innate Abilities, Weirdness & Mutations

You are resistant to torment.
Your stone body is resilient. (AC +5)
You are immune to poison.
You resist negative energy. (rN+)
You are resistant to electric shocks. (rElec)
You can survive without breathing.
You are immune to petrification.
You are immune to rotting.


Message History

You closely miss the orc. The orc warrior barely misses you.
The orc hits you but does no damage.
You barely miss the orc.
The orc warrior hits you but does no damage.
The orc hits you but does no damage. The orc barely misses you.
You hit the orc.
The orc is moderately wounded.
The orc warrior hits you with a +0 flail!
* * * LOW HITPOINT WARNING * * *
The orc hits you but does no damage.
You closely miss the orc.
The orc is moderately wounded.
The orc warrior misses you. The orc barely misses you.
It was a potion of flight.
You feel very buoyant.
You fly up into the air.
The orc warrior barely misses you. The orc barely misses you.
It was a potion of curing.
You feel better.
The orc warrior hits you with a +0 flail!
You die...

#.....(......##.
#....?(........#
#......(.......#
................#
................#
.§....###((.#...#
§§§... #...#...#
§§.... #oo.# .#
§§.... #@).# ...
#...# #...# #...#
#...# #...# #...#
#####


You could see an orc warrior and an orc.

Vanquished Creatures
  Grinder (D:4)
  A sky beast (D:5)
  An ogre (D:5)
  A centaur (D:6)
  A bullfrog (D:6)
  A scorpion (D:4)
  2 crimson imps (D:5)
  A centaur skeleton (D:4)
  2 orc wizards
  A jelly (D:5)
  5 worker ants
  2 iguanas
  A worker ant zombie (D:5)
  4 adders
  3 oozes (D:1)
  6 worms
  5 dart slugs
  3 leopard geckos
  9 orcs
  A giant cockroach (D:1)
  4 goblins
  6 hobgoblins
  7 jackals
  2 quokkas
  4 ball pythons
  7 bats
  4 frilled lizards
  6 kobolds
  14 rats
105 creatures vanquished.

Vanquished Creatures (others)
  A hound (D:5)
1 creature vanquished.

Grand Total: 106 creatures vanquished

Notes
Turn   | Place    | Note
-------+----------+-------------------------------------------
     0 | D:1      | Ayyar the Gargoyle Monk began the quest for the Orb.
     0 | D:1      | Reached XP level 1. HP: 14/14 MP: 1/1
   178 | D:1      | Reached XP level 2. HP: 19/19 MP: 2/2
   264 | D:1      | Reached XP level 3. HP: 23/23 MP: 3/3
  1051 | D:2      | Reached XP level 4. HP: 29/29 MP: 4/4
  1904 | D:3      | Found a shattered altar of Ashenzari.
  2017 | D:3      | Noticed a moth of wrath
  2020 | D:3      | Found a bloodstained altar of Trog.
  2050 | D:3      | Reached XP level 5. HP: 15/33 MP: 5/5
  2707 | D:4      | Reached skill level 4 in Maces & Flails
  2721 | D:4      | Reached XP level 6. HP: 27/39 MP: 6/6
  2819 | D:4      | Found a runed translucent door.
  2832 | D:4      | Noticed porkupine's ghost (amateur MiAK)
  2869 | D:4      | Found a sparkling altar of Nemelex Xobeh.
  2881 | D:4      | Found a basalt altar of Yredelemnul.
  2905 | D:4      | Reached skill level 1 in Armour
  2913 | D:4      | Reached skill level 1 in Throwing
  3270 | D:4      | Found a snail-covered altar of Cheibriados.
  3298 | D:4      | Found an opulent altar of Gozag.
  3310 | D:4      | Found a hazy altar of Hepliaklqana.
  3315 | D:4      | Found a radiant altar of Vehumet.
  3509 | D:5      | Entered Level 5 of the Dungeon
  3509 | D:5      | Found Cuurad's Assorted Antiques.
  3553 | D:5      | Reached skill level 5 in Fighting
  3553 | D:5      | Reached skill level 5 in Maces & Flails
  3553 | D:5      | Reached XP level 7. HP: 19/44 MP: 7/7
  3772 | D:5      | Noticed Grinder
  3792 | D:5      | Paralysed by Grinder for 3 turns
  3811 | D:4      | Paralysed by Grinder for 2 turns
  3816 | D:4      | Paralysed by Grinder for 6 turns
  3826 | D:4      | Killed Grinder
  4060 | D:5      | Found a hide-covered altar of Uskayaw.
  4212 | D:5      | Reached XP level 8. HP: 45/50 MP: 8/8
  4504 | D:6      | Reached skill level 6 in Maces & Flails
  4839 | D:6      | Found a shadowy altar of Dithmenos.
  4874 | D:6      | Slain by an orc warrior

Levels and vault maps discovered:
D:1:      sevenhm_arrival_forest_fort_small_3, layout_loops_ring
D:2:      layout_loops_ring, minmay_unequal
D:3:      layout_loops_ring, marbit_many_paths, tgw_trog, serial_bayou_pond_e
D:4:      layout_loops_ring, lemuel_doored_altar,
          grunt_temple_overflow_cloverleaf, nemelex_xobeh_ov_fountains_minmay,
          first_ration, ebering_ghost_sewer_d, nicolae_underground_beach
D:5:      layout_rooms, kennysheep_mini, serial_shops, shop_fountains,
          lemuel_flame_loot_1, uniq_grinder
D:6:      layout_basic, ebering_ghost_sewer_d, grunt_dithmenos_smoke

Skill      XL: |  1  2  3  4  5  6  7  8 |
---------------+-------------------------+-----
Stealth        | 3 4 |  4.0
Fighting       | 4 5 |  5.8
Dodging        | 3 |  3.0
Maces & Flails | 4 5 6 |  6.4
Armour         | 2 3 |  3.5
Throwing       | 1 2 |  2.9

Action                   |  1- 3 |  4- 6 |  7- 9 || total
-------------------------+-------+-------+-------++-------
Melee: Mace              |   102 |       |       ||   102
       Morningstar       |     1 |   231 |   112 ||   344
  Use: Scroll            |       |     3 |     1 ||     4
       Potion            |       |       |     3 ||     3
 Stab: Sleeping          |    11 |     1 |       ||    12
  Eat: Chunk             |     1 |     8 |     1 ||    10
       Ration            |       |       |     1 ||     1
Armor: Robe              |    40 |     3 |       ||    43
       Scale mail        |       |   127 |    76 ||   203
Dodge: Dodged            |    67 |   132 |    71 ||   270

Table legend:
 A = Non-vault XP
 B = Vault XP
 C = Vault XP percentage of total XP
 D = Non-vault monster count
 E = Vault monster count
 F = Vault count percentage of total count
                 A         B        C        D         E       F
            +---------+---------+-------+---------+---------+-------
      Total |    1248 |     303 |  19.5 |      96 |       9 |   8.6
            +---------+---------+-------+---------+---------+-------
        D:1 |      68 |       0 |   0.0 |      28 |       0 |   0.0
        D:2 |      51 |       4 |   7.3 |      20 |       2 |   9.1
        D:3 |      70 |      18 |  20.5 |      18 |       6 |  25.0
        D:4 |     313 |     281 |  47.3 |      14 |       1 |   6.7
        D:5 |     400 |       0 |   0.0 |       7 |       0 |   0.0
        D:6 |     346 |       0 |   0.0 |       9 |       0 |   0.0
            +---------+---------+-------+---------+---------+-------
